 Dungeon Crawl Stone Soup version 0.29.0-15-g675c0067aa (webtiles) character file.

Game seed: 8764922322088245403

12539 qw the Severer (level 11, 0/102 HPs)
             Began as a Minotaur Berserker on Sept 11, 2022.
             Was an Elder of Trog.
             Slain by a minotaur (20 damage)
             ... in a Gauntlet.
             The game lasted 00:04:56 (13792 turns).

qw the Severer (Minotaur Berserker)                Turns: 13792, Time: 00:04:57

Health: 0/102      AC: 19    Str: 25    XL:     11   Next: 63%
Magic:  10/10      EV:  8    Int:  7    God:    Trog [****..]
Gold:   117        SH:  9    Dex:  8    Spells: 10/10 levels left

rFire   . . .      SeeInvis +   a - +3 war axe
rCold   + . .      Faith    .   e - +0 buckler
rNeg    . . .      Spirit   .   h - +0 plate armour
rPois   +          Reflect  +   (helmet restricted)
rElec   .          Harm     .   t - +0 cloak
rCorr   .          Rampage  .   j - +1 pair of gloves
Will    .....      NoTele   +   d - +0 pair of boots
Stlth   ..........              b - amulet of reflection
HPRegen 0.27/turn               g - ring "Pefyniz" {+Blink rPois rC+ Int+3 Dex-3}
MPRegen 0.12/turn               p - ring of see invisible

@: on berserk cooldown, slowed, very slow
A: horns 2, retaliatory headbutt, MP-powered wands
a: Renounce Religion, Evoke Blink, Berserk, Trog's Hand, Brothers in Arms


You were in a Gauntlet.
You worshipped Trog.
Trog was greatly pleased with you.
You visited 1 branch of the dungeon, and saw 11 of its levels.
You visited 1 bazaar.
You also visited: Gauntlet.

You collected 1164 gold pieces.
You spent 1047 gold pieces at shops.


Innate Abilities, Weirdness & Mutations

You have a pair of horns on your head.
You reflexively headbutt those who attack you in melee.
You expend magic power (3 MP) to strengthen your wands.


   Skills:
 - Level 11.0 Fighting
 - Level 16.0 Axes
 - Level 2.2 Throwing
 - Level 10.0 Armour
 - Level 4.3 Dodging
 + Level 4.5 Shields


You had 10 spell levels left.
You didn't know any spells.
Your spell library was empty.

Inventory:

Hand Weapons
 a - a +3 war axe (weapon)
 r - a +0 morningstar of protection
Armour
 d - a +0 pair of boots (worn)
 e - a +0 buckler (worn)
 h - a +0 plate armour (worn)
 j - a +1 pair of gloves (worn)
 t - a +0 cloak (worn)
Jewellery
 b - an amulet of reflection (around neck)
 g - the ring "Pefyniz" (left hand) {+Blink rPois rC+ Int+3 Dex-3}
   (You bought it in a shop in a bazaar)

   [ring of protection from cold]

   Int:       It affects your intelligence (+3).
   Dex:       It affects your dexterity (-3).
   rC:        It protects you from cold.
   rPois:     It protects you from poison.
   +Blink:    It lets you blink.
 k - a ring of protection from fire
 m - a +4 ring of slaying {mikee}
 p - a ring of see invisible (right hand)
 u - the ring "Kaebyeng" {Int+4 Slay+4}
   (You found it in a Gauntlet)

   [ring of slaying]

   Int:       It affects your intelligence (+4).
   Slay:      It affects your accuracy & damage with ranged weapons and melee
   (+4).
Scrolls
 f - a scroll of identify
 l - a scroll of teleportation
Potions
 c - a potion of might
 i - 2 potions of mutation
 n - a potion of haste
 o - a potion of cancellation
 q - 2 potions of curing
 s - a potion of heal wounds

Dungeon Overview and Level Annotations

Branches:
Dungeon (11/15)            Temple (0/1) D:5             Orc (0/2) D:9
Gauntlet (1/1)
   Lair: D:8-11

Altars:
Ashenzari
Cheibriados
Dithmenos
Elyvilon
Fedhas
Gozag
Okawaru
Ru
Vehumet
Wu Jian
Xom
Yredelemnul
The Shining One

Shops:
D:4 (

Annotations:
D:7 1 runed translucent door, Crazy Yiuf Gauntlet 8 transporters


Message History

You barely miss the minotaur.
The minotaur furiously retaliates!
The minotaur headbutts you, but does no damage.
The minotaur is almost dead.
The minotaur barely misses you. You furiously retaliate!
You headbutt the minotaur, but do no damage.
You block the minotaur's attack.
You hit the minotaur. Your headbutt misses the minotaur.
The minotaur is almost dead.
The minotaur barely misses you. You block the minotaur's attack.
You hit the minotaur.
You headbutt the minotaur, but do no damage.
The minotaur is almost dead.
The minotaur hits you! The minotaur gores you.
You hit the minotaur but do no damage.
The minotaur is almost dead.
You block the minotaur's attack. The minotaur gores you.
Your ogre rages.
The minotaur hits you but does no damage.
The minotaur gores you!
13788 ||| DRINKING 4 potions of heal wounds.
You feel much better.
The minotaur hits you but does no damage.
The minotaur gores you but does no damage.
You closely miss the minotaur.
The minotaur is almost dead.
The minotaur hits you!! The minotaur gores you.
13790 ||| DRINKING 3 potions of heal wounds.
You feel much better. The minotaur hits you!! The minotaur gores you.
You block the minotaur's attack. The minotaur gores you!
13791 ||| DRINKING 2 potions of heal wounds.
You feel much better.
Your ogre rages.
You block the minotaur's attack.
The minotaur gores you but does no damage.
You barely miss the minotaur.
The minotaur furiously retaliates!
The minotaur headbutts you!
The minotaur is almost dead.
The minotaur hits you!!
You die...

###### #.##.###
###.....#
#\##.##.#
#.##.##.##
#H#......#
#@#.##.###
##.###O#.##.###
...............#
##.##.##.##.##.#
##.##.##.##.#
............# #.
#.##.##.##.##
#.##.##.##.##.#
#.............#


You could see a minotaur (ally target) and a friendly ogre (summoned, berserk).

Vanquished Creatures
  A two-headed ogre (D:8)
  3 gargoyles
  An efreet (Gauntlet)
  3 kobold demonologists (D:10)
  A hornet (D:10)
  A tyrant leech (Gauntlet)
  Sigmund (D:2)
  A shadow (D:11)
  Eustachio (D:6)
  2 wyverns
  3 wraiths
  14 yaks
  2 fire elementals (Gauntlet)
  A steam dragon (D:10)
  A neqoxec (D:11)
  A water moccasin (D:5)
  2 hell hounds (Gauntlet)
  An acid dragon (D:9)
  2 swamp worms (Gauntlet)
  Duvessa (D:6)
  3 sky beasts
  2 ice beasts
  2 orc warriors
  A black bear (D:4)
  An ogre (D:4)
  A phantom (D:5)
  3 centaurs
  2 kobold brigands (D:10)
  3 gnoll sergeants
  3 bullfrogs
  A necrophage (D:6)
  8 scorpions
  21 wights
  Dowan (D:6)
  10 killer bees
  2 electric eels (D:9)
  4 howler monkeys
  3 jellies
  A quasit (D:11)
  2 hounds (D:6)
  7 orc priests
  3 gnoll boudas
  3 iguanas
  Terence (D:2)
  8 orc wizards
  17 gnolls
  10 adders
  A shadow imp (D:8)
  3 white imps
  An ufetubus (D:6)
  3 worms
  A dart slug (D:2)
  45 orcs
  5 endoplasms
  2 giant cockroaches
  2 goblins (D:4)
  9 hobgoblins
  10 jackals
  2 quokkas (D:1)
  7 ball pythons
  2 bats (D:1)
  2 frilled lizards
  8 kobolds
  6 rats
275 creatures vanquished.

Vanquished Creatures (others)
  10 plants (D:9)
10 creatures vanquished.

Grand Total: 285 creatures vanquished

Notes
Turn   | Place    | Note
-------+----------+-------------------------------------------
     0 | D:1      | qw the Minotaur Berserker began the quest for the Orb.
     0 | D:1      | Reached XP level 1. HP: 19/19 MP: 0/0
     0 | D:1      | 0 ||| qw: Version: 0.1-a-119-g272c26d
     0 | D:1      | 0 ||| qw: Game counter: 10723
     0 | D:1      | 0 ||| qw: Always use a shield: true
     0 | D:1      | 0 ||| qw: Do Orc after D:15 true
     0 | D:1      | 0 ||| qw: Do second Lair branch before Depths: true
     0 | D:1      | 0 ||| qw: Lair rune preference: random
     0 | D:1      | 0 ||| qw: Plans: Normal
     0 | D:1      | 0 ||| PLANNING D:1-11
   101 | D:1      | Reached skill level 4 in Axes
   257 | D:1      | Reached XP level 2. HP: 26/26 MP: 1/1
   331 | D:1      | Found a faded altar of an unknown god.
   413 | D:1      | 413 ||| Stepping ~*~*~tactically~*~*~ (stealth).
   873 | D:1      | 873 ||| UPGRADING to +0 ring mail.
   883 | D:1      | 883 ||| DROPPING +0 animal skin.
   884 | D:1      | 884 ||| UPGRADING to +0 plate armour.
   894 | D:1      | 894 ||| DROPPING +0 ring mail.
   895 | D:1      | 895 ||| READING scroll labelled XUL OSIREM.
   896 | D:1      | 896 ||| READING scroll labelled JAVVAI GUFONGAM.
   897 | D:1      | 897 ||| READING 2 scrolls labelled ATOLUY WUINY.
   898 | D:1      | 898 ||| READING scroll labelled BIBLEETETIU.
  1025 | D:2      | 1025 ||| Stepping ~*~*~tactically~*~*~ (stealth).
  1026 | D:2      | 1026 ||| Stepping ~*~*~tactically~*~*~ (stealth).
  1028 | D:2      | 1028 ||| Stepping ~*~*~tactically~*~*~ (stealth).
  1029 | D:2      | 1029 ||| Stepping ~*~*~tactically~*~*~ (stealth).
  1032 | D:2      | 1032 ||| Stepping ~*~*~tactically~*~*~ (stealth).
  1062 | D:2      | Reached skill level 5 in Axes
  1099 | D:2      | Reached XP level 3. HP: 31/31 MP: 2/2
  1110 | D:2      | 1110 ||| INVOKING Berserk.
  1236 | D:2      | Noticed Sigmund
  1237 | D:2      | 1237 ||| Stepping ~*~*~tactically~*~*~ (hiding).
  1240 | D:2      | 1240 ||| INVOKING Berserk.
  1252 | D:2      | Killed Sigmund
  1253 | D:2      | Reached skill level 7 in Axes
  1253 | D:2      | Reached XP level 4. HP: 35/39 MP: 3/3
  1253 | D:2      | Reached XP level 5. HP: 40/45 MP: 4/4
  1363 | D:2      | You fall into a shaft and drop 2 floors!
  1415 | D:4      | Reached skill level 3 in Armour
  1632 | D:4      | 1632 ||| INVOKING Berserk.
  1635 | D:4      | Reached XP level 6. HP: 52/52 MP: 5/5
  1643 | D:4      | Reached ** piety under Trog
  1662 | D:4      | 1662 ||| Stepping ~*~*~tactically~*~*~ (stealth).
  1673 | D:4      | 1673 ||| Stepping ~*~*~tactically~*~*~ (stealth).
  1676 | D:4      | 1676 ||| UPGRADING to amulet of reflection.
  1686 | D:4      | 1686 ||| Stepping ~*~*~tactically~*~*~ (stealth).
  1689 | D:4      | 1689 ||| FLEEEEING.
  1691 | D:4      | 1691 ||| STAIRDANCE
  1729 | D:2      | 1729 ||| Stepping ~*~*~tactically~*~*~ (stealth).
  1965 | D:2      | Reached skill level 8 in Axes
  1997 | D:2      | Noticed Terence
  2000 | D:2      | 2000 ||| INVOKING Berserk.
  2004 | D:2      | Killed Terence
  2278 | D:2      | 2278 ||| READING scroll labelled FAICWA BUENAKHLIW.
  2279 | D:2      | 2279 ||| DRINKING 2 amethyst potions.
  2280 | D:2      | 2280 ||| DROPPING potion of attraction.
  2615 | D:3      | 2615 ||| Stepping ~*~*~tactically~*~*~ (stealth).
  2705 | D:3      | 2705 ||| INVOKING Berserk.
  2711 | D:3      | HP: 12/52 [poisoned by an orc]
  2712 | D:3      | 2712 ||| INVOKING Trog's Hand.
  2716 | D:3      | HP: 9/52 [poisoned by an orc]
  2939 | D:3      | 2939 ||| DROPPING +0 whip.
  3440 | D:3      | 3440 ||| UPGRADING to +0 pair of gloves.
  3445 | D:3      | 3445 ||| READING scroll labelled TARGHI YNIT OTUUSS.
  3446 | D:3      | 3446 ||| DRINKING 2 smoky grey potions.
  3447 | D:3      | 3447 ||| READING 2 scrolls of identify.
  3447 | D:3      | 3447 ||| IDENTIFYING fizzy sapphire potion
  3448 | D:3      | 3448 ||| DROPPING potion of berserk rage.
  3470 | D:4      | Reached XP level 7. HP: 52/59 MP: 6/6
  3557 | D:4      | Reached skill level 9 in Axes
  3594 | D:4      | Found a glowing golden altar of the Shining One.
  3675 | D:4      | Found Polafid's Antique Weapon Shoppe.
  3736 | D:4      | Found a white marble altar of Elyvilon.
  3743 | D:4      | Found a broken altar of Ashenzari.
  3858 | D:4      | 3858 ||| INVOKING Berserk.
  4171 | D:4      | Found a sacrificial altar of Ru.
  4209 | D:4      | 4209 ||| INVOKING Berserk.
  4320 | D:4      | Found a basalt altar of Yredelemnul.
  4326 | D:4      | 4326 ||| UPGRADING to ring of protection from cold.
  4327 | D:4      | 4327 ||| UPGRADING to +6 ring of strength.
  4328 | D:4      | 4328 ||| READING scroll labelled RYISTOR LALA.
  4351 | D:5      | Entered Level 5 of the Dungeon
  4380 | D:5      | 4380 ||| Stepping ~*~*~tactically~*~*~ (stealth).
  4381 | D:5      | 4381 ||| Stepping ~*~*~tactically~*~*~ (stealth).
  4428 | D:5      | Found a staircase to the Ecumenical Temple.
  4761 | D:5      | Found a shimmering altar of Xom.
  4769 | D:5      | Found an opulent altar of Gozag.
  4774 | D:5      | Found an iron altar of Okawaru.
  4781 | D:5      | Found a shadowy altar of Dithmenos.
  4786 | D:5      | Found a blossoming altar of Fedhas.
  4797 | D:5      | Found a snail-covered altar of Cheibriados.
  4804 | D:5      | Found a radiant altar of Vehumet.
  4851 | D:5      | Reached skill level 10 in Axes
  4851 | D:5      | Reached XP level 8. HP: 65/69 MP: 7/7
  4900 | D:5      | 4900 ||| READING scroll labelled MIOFUG MICAKLOL.
  4901 | D:5      | 4901 ||| DRINKING 2 brown potions.
  4902 | D:5      | 4902 ||| DRINKING 2 fuming clear potions.
  4902 | D:5      | Gained mutation: You expend magic power (3 MP) to
                  | strengthen your wands. [potion of mutation]
  4903 | D:5      | 4903 ||| DRINKING 2 inky potions.
  4904 | D:5      | 4904 ||| DRINKING 2 fuming sapphire potions.
  4905 | D:5      | 4905 ||| DROPPING potion of degeneration.
  4906 | D:5      | 4906 ||| DROPPING potion of flight.
  4926 | D:6      | 4926 ||| STAIRDANCE
  4934 | D:5      | Reached skill level 6 in Fighting
  4983 | D:6      | 4983 ||| INVOKING Berserk.
  5159 | D:6      | Reached skill level 11 in Axes
  5172 | D:6      | 5172 ||| Stepping ~*~*~tactically~*~*~ (stealth).
  5173 | D:6      | 5173 ||| Stepping ~*~*~tactically~*~*~ (stealth).
  5180 | D:6      | 5180 ||| INVOKING Berserk.
  5189 | D:6      | Noticed Eustachio
  5195 | D:6      | HP: 11/71 [orc warrior/+0 flail (10)]
  5196 | D:6      | 5196 ||| READING 2 scrolls of teleportation.
  5196 | D:6      | HP: 1/71 [orc warrior/+0 flail (8)]
  5197 | D:6      | 5197 ||| DRINKING potion of heal wounds.
  5279 | D:6      | 5279 ||| INVOKING Berserk.
  5303 | D:6      | 5303 ||| Stepping ~*~*~tactically~*~*~ (stealth).
  5387 | D:6      | 5387 ||| DROPPING +0 whip of venom.
  5559 | D:6      | Noticed Dowan
  5560 | D:6      | 5560 ||| INVOKING Berserk.
  5561 | D:6      | 5561 ||| INVOKING Berserk.
  5561 | D:6      | Noticed Duvessa
  5566 | D:6      | Reached skill level 12 in Axes
  5567 | D:6      | Killed Dowan
  5574 | D:6      | Killed Duvessa
  5574 | D:6      | Reached *** piety under Trog
  5632 | D:6      | Reached XP level 9. HP: 79/79 MP: 8/8
  5644 | D:6      | 5644 ||| INVOKING Berserk.
  5670 | D:6      | Killed Eustachio
  6148 | D:6      | 6148 ||| INVOKING Berserk.
  6405 | D:6      | 6405 ||| DROPPING amulet of faith.
  6406 | D:6      | 6406 ||| READING scroll labelled DEKUNUR SINI.
  6407 | D:6      | 6407 ||| READING scroll labelled EFIUCV HAWKUOL.
  6408 | D:6      | 6408 ||| DRINKING 2 golden potions.
  6409 | D:6      | 6409 ||| READING 3 scrolls of identify.
  6409 | D:6      | 6409 ||| IDENTIFYING viscous white potion
  6410 | D:6      | 6410 ||| READING 2 scrolls of identify.
  6410 | D:6      | 6410 ||| IDENTIFYING bubbling cyan potion
  6411 | D:6      | 6411 ||| DROPPING potion of invisibility.
  6412 | D:6      | 6412 ||| DROPPING potion of magic.
  6501 | D:7      | Reached skill level 13 in Axes
  6600 | D:7      | Found a runed translucent door.
  6601 | D:7      | Noticed Crazy Yiuf
  6729 | D:7      | 6729 ||| Stepping ~*~*~tactically~*~*~ (stealth).
  6750 | D:7      | Reached skill level 6 in Armour
  6963 | D:7      | 6963 ||| INVOKING Berserk.
  7146 | D:7      | 7146 ||| Stepping ~*~*~tactically~*~*~ (stealth).
  7346 | D:7      | 7346 ||| INVOKING Berserk.
  7352 | D:7      | Reached skill level 3 in Dodging
  7668 | D:7      | 7668 ||| READING scroll labelled GIGYTIFIWK.
  7669 | D:7      | 7669 ||| READING 2 scrolls of identify.
  7669 | D:7      | 7669 ||| IDENTIFYING sedimented red potion
  7670 | D:7      | 7670 ||| DROPPING potion of lignification.
  7701 | D:8      | 7701 ||| Stepping ~*~*~tactically~*~*~ (hiding).
  7778 | D:8      | 7778 ||| Stepping ~*~*~tactically~*~*~ (hiding).
  7781 | D:8      | Found a flagged portal.
  7974 | D:8      | 7974 ||| DROPPING +0 flail.
  7986 | D:8      | Noticed a two-headed ogre
  7988 | D:8      | 7988 ||| INVOKING Berserk.
  7992 | D:8      | Killed a two-headed ogre
  7993 | D:8      | Reached skill level 14 in Axes
  8167 | D:8      | 8167 ||| INVOKING Berserk.
  8171 | D:8      | Reached XP level 10. HP: 88/88 MP: 9/9
  8360 | D:8      | 8360 ||| Stepping ~*~*~tactically~*~*~ (stealth).
  8364 | D:8      | 8364 ||| Stepping ~*~*~tactically~*~*~ (stealth).
  8368 | D:8      | 8368 ||| Stepping ~*~*~tactically~*~*~ (stealth).
  8383 | D:8      | 8383 ||| Stepping ~*~*~tactically~*~*~ (stealth).
  8384 | D:8      | 8384 ||| Stepping ~*~*~tactically~*~*~ (stealth).
  8387 | D:8      | 8387 ||| Stepping ~*~*~tactically~*~*~ (stealth).
  8388 | D:8      | 8388 ||| Stepping ~*~*~tactically~*~*~ (stealth).
  8404 | D:8      | 8404 ||| Stepping ~*~*~tactically~*~*~ (hiding).
  8422 | D:8      | 8422 ||| FLEEEEING.
  8423 | D:8      | 8423 ||| FLEEEEING.
  8424 | D:8      | 8424 ||| FLEEEEING.
  8425 | D:8      | 8425 ||| FLEEEEING.
  8426 | D:8      | 8426 ||| FLEEEEING.
  8427 | D:8      | 8427 ||| FLEEEEING.
  8428 | D:8      | 8428 ||| FLEEEEING.
  8429 | D:8      | 8429 ||| FLEEEEING.
  8438 | D:8      | 8438 ||| DRINKING potion of curing.
  8438 | D:8      | 8438 ||| (to cure confusion)
  8495 | D:8      | Reached skill level 1 in Throwing
  8583 | D:8      | 8583 ||| FLEEEEING.
  8584 | D:8      | 8584 ||| FLEEEEING.
  8585 | D:8      | 8585 ||| STAIRDANCE
  8694 | D:7      | 8694 ||| READING scroll labelled USTRIS KYEQ.
  8766 | D:8      | Reached **** piety under Trog
  9012 | D:9      | 9012 ||| SWAPPING to +2 war axe.
  9013 | D:9      | 9013 ||| DROPPING +1 hand axe of electrocution.
  9071 | D:9      | Found an ornate altar of the Wu Jian Council.
  9152 | D:9      | 9152 ||| FLEEEEING.
  9153 | D:9      | 9153 ||| FLEEEEING.
  9154 | D:9      | 9154 ||| FLEEEEING.
  9155 | D:9      | 9155 ||| FLEEEEING.
  9156 | D:9      | 9156 ||| FLEEEEING.
  9157 | D:9      | 9157 ||| FLEEEEING.
  9158 | D:9      | 9158 ||| FLEEEEING.
  9159 | D:9      | 9159 ||| FLEEEEING.
  9171 | D:9      | 9171 ||| FLEEEEING.
  9172 | D:9      | 9172 ||| FLEEEEING.
  9173 | D:9      | 9173 ||| FLEEEEING.
  9174 | D:9      | 9174 ||| FLEEEEING.
  9175 | D:9      | 9175 ||| FLEEEEING.
  9176 | D:9      | 9176 ||| FLEEEEING.
  9177 | D:9      | 9177 ||| FLEEEEING.
  9178 | D:9      | 9178 ||| FLEEEEING.
  9179 | D:9      | 9179 ||| FLEEEEING.
  9180 | D:9      | 9180 ||| FLEEEEING.
  9181 | D:9      | 9181 ||| FLEEEEING.
  9273 | D:9      | 9273 ||| FLEEEEING.
  9275 | D:9      | 9275 ||| FLEEEEING.
  9326 | D:9      | 9326 ||| INVOKING Berserk.
  9470 | D:9      | Found a snail-covered altar of Cheibriados.
  9471 | D:9      | 9471 ||| INVOKING Berserk.
  9493 | D:9      | Reached skill level 15 in Axes
  9557 | D:9      | 9557 ||| SWAPPING to +3 war axe.
  9558 | D:9      | 9558 ||| DROPPING +2 war axe.
  9582 | D:9      | 9582 ||| INVOKING Berserk.
  9715 | D:9      | 9715 ||| FLEEEEING.
  9716 | D:9      | 9716 ||| FLEEEEING.
  9717 | D:9      | 9717 ||| FLEEEEING.
  9862 | D:9      | 9862 ||| INVOKING Berserk.
  9998 | D:9      | 9998 ||| Stepping ~*~*~tactically~*~*~ (stealth).
 10003 | D:9      | 10003 ||| Stepping ~*~*~tactically~*~*~ (stealth).
 10005 | D:9      | 10005 ||| Stepping ~*~*~tactically~*~*~ (stealth).
 10013 | D:9      | Reached skill level 9 in Fighting
 10013 | D:9      | 10013 ||| Stepping ~*~*~tactically~*~*~ (hiding).
 10123 | D:9      | 10123 ||| Stepping ~*~*~tactically~*~*~ (stealth).
 10128 | D:9      | 10128 ||| Stepping ~*~*~tactically~*~*~ (stealth).
 10141 | D:9      | 10141 ||| Stepping ~*~*~tactically~*~*~ (stealth).
 10164 | D:9      | Reached skill level 16 in Axes
 10232 | D:9      | 10232 ||| Stepping ~*~*~tactically~*~*~ (stealth).
 10243 | D:9      | 10243 ||| Stepping ~*~*~tactically~*~*~ (stealth).
 10250 | D:9      | 10250 ||| FLEEEEING.
 10308 | D:9      | 10308 ||| Stepping ~*~*~tactically~*~*~ (hiding).
 10429 | D:9      | Noticed a gargoyle
 10438 | D:9      | 10438 ||| INVOKING Berserk.
 10439 | D:9      | Killed a gargoyle
 10543 | D:9      | 10543 ||| Stepping ~*~*~tactically~*~*~ (stealth).
 10560 | D:9      | 10560 ||| Stepping ~*~*~tactically~*~*~ (stealth).
 10763 | D:9      | Found a staircase to the Orcish Mines.
 10869 | D:9      | 10869 ||| UPGRADING to +4 ring of slaying {mikee}.
 10871 | D:9      | 10871 ||| DROPPING ring of positive energy.
 10872 | D:9      | 10872 ||| DROPPING ring of protection from cold.
 10873 | D:9      | 10873 ||| READING scroll labelled YNUR KETHRAAH.
 10873 | D:9      | Identified a scroll of acquirement
 10873 | D:9      | 10873 ||| ACQUIRING 572 gold pieces
 10873 | D:9      | Acquired 572 gold pieces
 10885 | D:10     | Entered Level 10 of the Dungeon
 10999 | D:10     | Reached XP level 11. HP: 63/99 MP: 10/10
 11284 | D:10     | 11284 ||| Stepping ~*~*~tactically~*~*~ (cloud).
 11285 | D:10     | 11285 ||| Stepping ~*~*~tactically~*~*~ (hiding).
 11288 | D:10     | 11288 ||| INVOKING Berserk.
 11433 | D:10     | 11433 ||| READING scroll of enchant armour.
 11433 | D:10     | 11433 ||| ENCHANTING +0 pair of gloves.
 11486 | D:10     | 11486 ||| Stepping ~*~*~tactically~*~*~ (hiding).
 11634 | D:10     | Paralysed by a hornet for 2 turns
 11645 | D:10     | 11645 ||| INVOKING Berserk.
 11912 | D:10     | Reached skill level 9 in Armour
 11970 | D:10     | 11970 ||| Stepping ~*~*~tactically~*~*~ (stealth).
 11972 | D:10     | 11972 ||| Stepping ~*~*~tactically~*~*~ (hiding).
 11976 | D:10     | 11976 ||| Stepping ~*~*~tactically~*~*~ (hiding).
 11977 | D:10     | 11977 ||| Stepping ~*~*~tactically~*~*~ (hiding).
 12004 | D:10     | Reached ***** piety under Trog
 12033 | D:10     | 12033 ||| FLEEEEING.
 12036 | D:10     | 12036 ||| FLEEEEING.
 12037 | D:10     | 12037 ||| FLEEEEING.
 12038 | D:10     | 12038 ||| FLEEEEING.
 12041 | D:10     | 12041 ||| STAIRDANCE
 12056 | D:9      | 12056 ||| FLEEEEING.
 12057 | D:9      | 12057 ||| FLEEEEING.
 12140 | D:9      | 12140 ||| FLEEEEING.
 12183 | D:9      | 12183 ||| READING 2 scrolls of identify.
 12183 | D:9      | 12183 ||| IDENTIFYING silvery potion
 12265 | D:10     | 12265 ||| Stepping ~*~*~tactically~*~*~ (stealth).
 12561 | D:11     | 12561 ||| PLANNING BAZAAR
 12575 | D:11     | 12575 ||| FLEEEEING.
 12577 | D:11     | 12577 ||| STAIRDANCE
 12727 | D:11     | Found a gate leading to a gauntlet.
 12736 | D:11     | Found a flickering gateway to a bazaar.
 12737 | D:11     | 12737 ||| READING 2 scrolls of identify.
 12737 | D:11     | 12737 ||| IDENTIFYING pink potion
 12738 | D:11     | 12738 ||| DROPPING potion of brilliance.
 12747 | D:11     | 12747 ||| FLEEEEING.
 12748 | D:11     | 12748 ||| FLEEEEING.
 12749 | D:11     | 12749 ||| FLEEEEING.
 12753 | D:11     | 12753 ||| FLEEEEING.
 12754 | D:11     | 12754 ||| FLEEEEING.
 12758 | D:11     | 12758 ||| FLEEEEING.
 12759 | D:11     | 12759 ||| FLEEEEING.
 12760 | D:11     | 12760 ||| FLEEEEING.
 12761 | D:11     | 12761 ||| FLEEEEING.
 12762 | D:11     | 12762 ||| FLEEEEING.
 12763 | D:11     | 12763 ||| FLEEEEING.
 12764 | D:11     | 12764 ||| FLEEEEING.
 12766 | D:11     | 12766 ||| FLEEEEING.
 12767 | D:11     | 12767 ||| FLEEEEING.
 12768 | D:11     | 12768 ||| FLEEEEING.
 12771 | D:11     | 12771 ||| FLEEEEING.
 12772 | D:11     | 12772 ||| FLEEEEING.
 12773 | D:11     | 12773 ||| FLEEEEING.
 12778 | D:11     | 12778 ||| FLEEEEING.
 12779 | D:11     | 12779 ||| FLEEEEING.
 12780 | D:11     | 12780 ||| FLEEEEING.
 12790 | D:11     | 12790 ||| FLEEEEING.
 12791 | D:11     | 12791 ||| STAIRDANCE
 12929 | Bazaar   | Entered a bazaar
 12929 | Bazaar   | Found Qacsaudgh's General Store.
 12929 | Bazaar   | Found Quade's Jewellery Shoppe.
 12929 | Bazaar   | Found Feole's Armour Emporium.
 12931 | Bazaar   | Found Ziwomawn's Antique Weapon Emporium.
 12933 | Bazaar   | 12933 ||| BUYING +0 pair of boots (54 gold).
 12933 | Bazaar   | Bought a +0 pair of boots for 54 gold pieces
 12936 | Bazaar   | 12936 ||| BUYING ring "Pefyniz" {+Blink rPois rC+ Int+3
                  | Dex-3} (388 gold).
 12936 | Bazaar   | Bought the ring "Pefyniz" {+Blink rPois rC+ Int+3 Dex-3}
                  | for 388 gold pieces
 12936 | Bazaar   | 12936 ||| BUYING ring of protection from fire (225 gold).
 12936 | Bazaar   | Bought a ring of protection from fire for 225 gold pieces
 12936 | Bazaar   | 12936 ||| BUYING ring of see invisible (135 gold).
 12936 | Bazaar   | Bought a ring of see invisible for 135 gold pieces
 12939 | Bazaar   | 12939 ||| BUYING runed morningstar (147 gold).
 12939 | Bazaar   | Bought a runed morningstar for 147 gold pieces
 12939 | Bazaar   | 12939 ||| DROPPING +0 morningstar.
 12943 | Bazaar   | 12943 ||| BUYING +0 buckler (49 gold).
 12943 | Bazaar   | Bought a +0 buckler for 49 gold pieces
 12943 | Bazaar   | 12943 ||| BUYING +0 cloak (49 gold).
 12943 | Bazaar   | Bought a +0 cloak for 49 gold pieces
 12943 | Bazaar   | 12943 ||| UPGRADING to +0 pair of boots.
 12948 | Bazaar   | 12948 ||| UPGRADING to +0 buckler.
 12953 | Bazaar   | 12953 ||| UPGRADING to +0 cloak.
 12958 | Bazaar   | 12958 ||| UPGRADING to ring "Pefyniz" {+Blink rPois rC+
                  | Int+3 Dex-3}.
 12960 | Bazaar   | 12960 ||| UPGRADING to ring of see invisible.
 12967 | D:11     | 12967 ||| PLANNING GAUNTLET
 12968 | D:11     | 12968 ||| FLEEEEING.
 12969 | D:11     | 12969 ||| FLEEEEING.
 12970 | D:11     | 12970 ||| FLEEEEING.
 13066 | Gauntlet | Entered a Gauntlet
 13066 | Gauntlet | Found a transporter.
 13069 | Gauntlet | Found a transporter.
 13080 | Gauntlet | Found a transporter.
 13081 | Gauntlet | Found a transporter.
 13088 | Gauntlet | Found a transporter.
 13088 | Gauntlet | Found a transporter.
 13088 | Gauntlet | Noticed an obsidian statue
 13096 | Gauntlet | Found a transporter.
 13099 | Gauntlet | Found a transporter.
 13108 | Gauntlet | Noticed a hell hog
 13109 | Gauntlet | Found a transporter.
 13114 | Gauntlet | Found a transporter.
 13118 | Gauntlet | Found a transporter.
 13119 | Gauntlet | Noticed a shock serpent
 13123 | Gauntlet | Noticed a swamp dragon
 13123 | Gauntlet | a shock serpent changed into a swamp dragon
 13123 | Gauntlet | Noticed a glowing orange brain
 13123 | Gauntlet | a floating eye changed into a glowing orange brain
 13126 | Gauntlet | Found a transporter.
 13135 | Gauntlet | a swamp dragon changed into a komodo dragon
 13141 | Gauntlet | Noticed an anaconda
 13143 | Gauntlet | Noticed a steelbarb worm
 13143 | Gauntlet | a komodo dragon changed into a steelbarb worm
 13144 | Gauntlet | a steelbarb worm changed into a merfolk
 13144 | Gauntlet | Noticed a steelbarb worm
 13144 | Gauntlet | an anaconda changed into a steelbarb worm
 13152 | Gauntlet | Noticed a glowing orange brain
 13152 | Gauntlet | a redback changed into a glowing orange brain
 13152 | Gauntlet | Noticed a shining eye
 13152 | Gauntlet | a steelbarb worm changed into a shining eye
 13153 | Gauntlet | Noticed a steelbarb worm
 13153 | Gauntlet | a glowing orange brain changed into a steelbarb worm
 13153 | Gauntlet | Noticed a mana viper
 13153 | Gauntlet | a shining eye changed into a mana viper
 13155 | Gauntlet | a steelbarb worm changed into a cyclops
 13157 | Gauntlet | Noticed a shock serpent
 13157 | Gauntlet | a mana viper changed into a shock serpent
 13268 | Gauntlet | 13268 ||| INVOKING Berserk.
 13272 | Gauntlet | Reached skill level 1 in Shields
 13378 | Gauntlet | Identified the +3 halberd of Tension {vorpal, rN+}
 13384 | Gauntlet | 13384 ||| Stepping randomly (stuck).
 13388 | Gauntlet | Reached skill level 3 in Shields
 13391 | Gauntlet | 13391 ||| INVOKING Berserk.
 13396 | Gauntlet | HP: 36/153 [fire elemental (4)]
 13725 | Gauntlet | Identified the +2 shortbow "Jimar" {flame, rElec rF+}
 13727 | Gauntlet | Identified the ring "Kaebyeng" {Int+4 Slay+4}
 13731 | Gauntlet | 13731 ||| DROPPING +6 ring of strength.
 13763 | Gauntlet | Identified the +4 scale mail "Sania" {rC+ Will+}
 13763 | Gauntlet | Noticed a minotaur
 13764 | Gauntlet | 13764 ||| INVOKING Brothers in Arms.
 13766 | Gauntlet | 13766 ||| INVOKING Berserk.
 13787 | Gauntlet | HP: 21/102 [minotaur (6)]
 13787 | Gauntlet | HP: 9/102 [minotaur (12)]
 13788 | Gauntlet | 13788 ||| DRINKING 4 potions of heal wounds.
 13790 | Gauntlet | 13790 ||| DRINKING 3 potions of heal wounds.
 13790 | Gauntlet | HP: 2/102 [minotaur (9)]
 13791 | Gauntlet | 13791 ||| DRINKING 2 potions of heal wounds.
 13792 | Gauntlet | Slain by a minotaur

Levels and vault maps discovered:
D:1:      psy_arrival_radial01, layout_loops_ring, basic_ecumenical_altar
D:2:      layout_basic, uniq_terence, uniq_sigmund
D:3:      layout_basic, st_stairs_3, minmay_misc_feat_nine_boxes
D:4:      layout_loops_ring, amethyst_overflow_temple_binary,
          mainiacjoe_overflow_surrounded_room, nicolae_ru_the_path_less_chosen,
          marbit_many_paths, serial_shops, nicolae_shop_behind_doors
D:5:      layout_rooms, grunt_temple_overflow_octagram,
          minmay_temple_entry_statues_fountains
D:6:      layout_basic, dk_noncrumbling_4, chequers_mini_garden,
          roderic_serpentine_path, uniq_duvessa, uniq_eustachio
D:7:      layout_basic, uniq_crazy_yiuf_cottage
D:8:      layout_gridville, enter_bailey_6, hangedman_abyss_or_decor_stagger
D:9:      layout_cross, hiddenorc1_lemuel, serial_bayou, serial_bayou_pond_a,
          serial_bayou_shore_a, serial_bayou_pond_d, serial_bayou_pond_c,
          minmay_misc_feat_five, hangedman_feature_mirror,
          minmay_strange_pillars, patterned_corridor
D:10:     layout_irregular_city, kennysheep_generic_room_3
D:11:     layout_rooms, erik_lair_orcish_takeover, serial_demonic,
          serial_demonic_f, serial_demonic_c, serial_demonic_b,
          serial_demonic_f, serial_shops, bzr_entry_dummy,
          gauntlet_entry_generic, corexii_corridor_pit, evilmike_minifort,
          uniq_nergalle
Gauntlet: minmay_gauntlet_mixed_oops_all_seconds
          [minmay_gauntlet_arena_77_p_blocks, gammafunk_gauntlet_arena_split_x,
          minmay_gauntlet_arena_77_mess, nicolae_gauntlet_arena_grate_2,
          minmay_gauntlet_arena_77_radiant_squares,
          gammafunk_gauntlet_arena_open, gauntlet_exit_green]

Skill      XL: |  1  2  3  4  5  6  7  8  9 10 11 |
---------------+----------------------------------+-----
Axes           | 4 5 7 8 10 12 14 16 | 16.0
Armour         | 3 4 5 6 8 10 | 10.0
Fighting       | 4 5 7 8 10 11 | 11.0
Dodging        | 3 4 |  4.3
Throwing       | 2 |  2.2
Shields        | 4 |  4.5

Action                   |  1- 3 |  4- 6 |  7- 9 | 10-12 || total
-------------------------+-------+-------+-------+-------++-------
Melee: Hand axe          |    63 |   114 |   290 |    63 ||   530
       Headbutt          |     6 |    25 |    55 |    71 ||   157
       Punch             |     1 |       |     1 |     2 ||     4
       War axe           |       |       |       |   285 ||   285
Throw: Javelin           |       |       |     5 |       ||     5
       Boomerang         |       |       |     1 |    37 ||    38
Invok: Berserk           |     2 |     3 |    12 |    10 ||    27
       Trog's Hand       |       |     1 |       |       ||     1
       Brothers in Arms  |       |       |       |     1 ||     1
  Use: Scroll            |     4 |     3 |     9 |     5 ||    21
       Potion            |       |     2 |     6 |     4 ||    12
Armor: Animal skin       |     5 |       |       |       ||     5
       Plate armour      |     9 |    40 |   110 |    95 ||   254
Dodge: Dodged            |    18 |    17 |    63 |    82 ||   180
Block: Other             |       |    16 |    39 |    36 ||    91
       Reflection        |       |       |     2 |     2 ||     4
       Buckler           |       |       |       |    12 ||    12

Table legend:
 A = Non-vault XP
 B = Vault XP
 C = Vault XP percentage of total XP
 D = Non-vault monster count
 E = Vault monster count
 F = Vault count percentage of total count
                 A         B        C        D         E       F
            +---------+---------+-------+---------+---------+-------
      Total |   14780 |    3134 |  17.5 |     236 |      39 |  14.2
            +---------+---------+-------+---------+---------+-------
        D:1 |      26 |       0 |   0.0 |      16 |       0 |   0.0
        D:2 |      72 |     259 |  78.2 |      24 |       2 |   7.7
        D:3 |      74 |       8 |   9.8 |      17 |       3 |  15.0
        D:4 |     486 |     121 |  19.9 |      19 |       1 |   5.0
        D:5 |     542 |       0 |   0.0 |       8 |       0 |   0.0
        D:6 |    1253 |     428 |  25.5 |      29 |       3 |   9.4
        D:7 |    1041 |       0 |   0.0 |      20 |       0 |   0.0
        D:8 |    1624 |       0 |   0.0 |      27 |       0 |   0.0
        D:9 |    3648 |     325 |   8.2 |      38 |      18 |  32.1
       D:10 |    5543 |      74 |   1.3 |      33 |       1 |   2.9
       D:11 |     471 |     264 |  35.9 |       5 |       3 |  37.5
   Gauntlet |       0 |    1655 | 100.0 |       0 |       8 | 100.0
            +---------+---------+-------+---------+---------+-------
